Map: King Sejong Station LE

Players

THEONE

  • Race: Zerg Zerg
  • League: Silver
  • Spawn Location: 5:00

Fropez - Winner!

  • Race: Protoss Protoss
  • Spawn Location: 11:00

VOD

Have the link to the VOD?

Description

Time

  • Played on: May 24, 2016, 4:10 p.m.
  • Length: 18:32
Show
View Real Time Build Order
Export as new Build Order

THEONE Zerg 

Build Orders: Pool First, Lurkers 

Get SALT Encoding   

  12  0:03  Drone  
  13  0:12  Overlord  
  13  0:18  Drone  
  14  0:25  Overlord  
  14  0:31  Drone  
  15  0:37  Drone  
  15  0:38  Extractor  
  15  0:47  Drone  
  16  0:57  Drone  
  17  1:07  Spawning Pool  
  17  1:08  Drone  
  17  1:21  Drone  
  18  1:30  Drone  
  19  1:41  Drone  
  19  1:42  Hatchery  
  19  1:55  Queen  
  19  1:56  Zergling x2  
  22  2:02  Zergling x2  
  23  2:12  Zergling x2  
  23  2:15  Metabolic Boost  
  24  2:23  Zergling x2  
  25  2:35  Zergling x2  
  26  2:46  Zergling x2  
  27  2:56  Zergling x2  
  27  2:57  Queen  
  30  3:00  Overlord  
  30  3:04  Zergling x6  
  33  3:08  Zergling x2  
  34  3:14  Zergling x2  
  31  3:38  Lair, Drone x2  
  32  3:41  Drone x3  
  32  3:44  Extractor  
  33  4:02  Roach Warren  
  32  4:05  Drone x3  
  35  4:15  Drone x2  
  37  4:38  Nydus Network  
  36  4:43  Roach x2  
  36  4:44  Roach  
  36  4:45  Overlord  
  42  4:50  Spore Crawler  
  42  4:51  Drone x2  
  42  4:52  Overlord  
  43  4:58  Spine Crawler  
  42  5:00  Drone  
  42  5:05  Spore Crawler  
  42  5:09  Roach x3  
  49  5:14  Zergling x4  
  49  5:17  Zergling x2  
  49  5:19  Zergling x2  
  52  5:21  Zergling x2  
  52  5:27  Roach  
  57  5:35  Roach  
  57  5:36  Roach  
  57  5:38  Overlord  
  59  5:56  Overlord x3  
  59  5:57  Roach  
  59  5:58  Roach  
  63  6:07  Nydus Canal  
  54  6:39  Roach x6  
  60  6:40  Roach  
  52  6:58  Nydus Network  
  51  7:07  Drone x3  
  51  7:08  Drone x6  
  60  7:19  Hydralisk Den  
  59  7:23  Evolution Chamber  
  58  7:42  Drone x3  
  61  7:51  Extractor  
  61  7:52  Hydralisk  
  61  7:53  Hydralisk x2  
  61  7:56  Hydralisk  
  68  7:59  Hydralisk  
  70  8:10  Drone x2, Hatchery  
  71  8:18  Zerg Missile Weapons Level 1  
  71  8:21  Muscular Augments  
  71  8:28  Hydralisk x2  
  71  8:30  Hydralisk  
  77  8:35  Hydralisk  
  79  8:46  Hydralisk x2  
  83  8:49  Drone x2  
  83  8:50  Drone  
  83  8:53  Extractor  
  85  9:16  Hydralisk x3  
  91  9:24  Hydralisk  
  91  9:26  Zergling x2  
  91  9:27  Zergling x6  
  97  9:34  Drone  
  97  9:36  Overlord  
  98  9:38  Overlord  
  98  10:12  Nydus Canal, Zerg Ground Armor Level 1  
  98  10:20  Nydus Canal  
  60  11:04  Drone x3  
  60  11:05  Queen  
  60  11:06  Hydralisk  
  60  11:07  Hydralisk x11  
  60  11:09  Hydralisk x2  
  93  11:28  Hydralisk x2  
  93  11:29  Hydralisk x3  
  103  11:33  Hydralisk  
  105  11:54  Overlord x3  
  105  12:05  Lurker Den  
  105  12:06  Zerg Missile Weapons Level 2  
  103  12:18  Overseer  
  101  12:27  Queen  
  101  12:39  Drone  
  101  12:40  Drone x4  
  106  12:44  Spore Crawler  
  106  12:50  Hydralisk x3  
  111  12:59  Drone x2  
  111  13:02  Overlord x2  
  111  13:03  Overlord  
  113  13:20  Hatchery  
  113  13:22  Spore Crawler  
  111  13:44  Hydralisk x3  
  111  13:45  Hydralisk  
  111  13:46  Lurker x3  
  111  13:47  Lurker x5  
  127  13:52  Zergling x2  
  127  13:53  Zergling x2  
  129  13:58  Overseer x2  
  129  14:13  Extractor  
  127  14:21  Lurker  
  128  14:26  Drone x3  
  128  14:27  Drone  
  128  14:29  Extractor  
  131  14:37  Overlord x3  
  82  17:08  Hatchery x2  
  80  17:09  Hatchery  
Show
View Real Time Build Order
Export as new Build Order

Fropez Protoss - Winner!

Build Orders:  

Get SALT Encoding   

  12  0:01  Probe (Chrono Boost)  
  13  0:18  Pylon  
  13  0:19  Probe (Chrono Boost)  
  14  0:26  Assimilator  
  14  0:30  Probe (Chrono Boost)  
  15  0:40  Probe (Chrono Boost)  
  16  0:51  Probe (Chrono Boost)  
  16  0:55  Gateway  
  17  1:03  Probe (Chrono Boost)  
  18  1:07  Assimilator  
  18  1:13  Probe (Chrono Boost)  
  19  1:24  Pylon  
  19  1:33  Probe (Chrono Boost)  
  20  1:41  Pylon  
  20  1:44  Probe (Chrono Boost)  
  21  1:54  Probe (Chrono Boost)  
  21  1:57  Nexus  
  22  2:06  Cybernetics Core  
  22  2:16  Probe (Chrono Boost)  
  23  2:26  Probe (Chrono Boost)  
  24  2:38  Gateway  
  24  2:40  Pylon  
  26  2:44  Mothership Core (Chrono Boost)  
  26  2:45  Warp Gate (Chrono Boost)  
  26  2:58  Gateway  
  26  3:02  Probe (Chrono Boost)  
  27  3:07  Assimilator  
  27  3:11  Assimilator  
  28  3:12  Probe (Chrono Boost)  
  28  3:13  Probe (Chrono Boost)  
  29  3:23  Probe (Chrono Boost)  
  30  3:42  Stalker x2  
  34  3:55  Probe x2 (Chrono Boost)  
  35  4:02  Stalker  
  38  4:05  Probe x2  
  40  4:16  Probe  
  40  4:18  Probe  
  42  4:24  Pylon  
  42  4:25  Stalker x2  
  42  4:26  Probe  
  42  4:30  Probe  
  48  4:37  Probe  
  48  4:42  Probe  
  50  4:47  Probe  
  51  4:54  Forge, Probe  
  51  4:57  Pylon  
  52  5:02  Pylon  
  52  5:06  Probe  
  52  5:07  Probe  
  54  5:15  Stalker x3  
  54  5:17  Probe  
  54  5:19  Probe  
  62  5:25  Protoss Ground Weapons Level 1 (Chrono Boost)  
  62  5:27  Probe  
  62  5:31  Probe  
  64  5:38  Pylon, Probe  
  64  5:41  Pylon  
  65  5:43  Probe  
  65  5:47  Pylon  
  65  5:48  Probe  
  66  5:55  Photon Cannon  
  67  6:01  Stalker x3  
  73  6:04  Probe  
  73  6:05  Probe  
  75  6:14  Twilight Council  
  75  6:15  Pylon, Probe  
  75  6:17  Probe  
  77  6:22  Pylon  
  75  6:35  Stalker x3  
  71  6:48  Probe  
  71  6:49  Probe  
  71  6:54  Blink (Chrono Boost)  
  73  7:00  Probe  
  75  7:01  Probe  
  75  7:03  Gateway  
  75  7:05  Gateway  
  75  7:08  Pylon  
  75  7:12  Probe  
  75  7:13  Probe  
  77  7:24  Photon Cannon  
  77  7:28  Probe x2, Protoss Ground Weapons Level 2  
  79  7:33  Nexus, Pylon  
  79  7:34  Stalker x2  
  83  7:37  Assimilator  
  83  7:40  Stalker  
  83  7:41  Assimilator  
  85  7:44  Pylon  
  85  7:45  Pylon  
  85  8:04  Stalker  
  85  8:05  Stalker x3  
  93  8:07  Photon Cannon  
  93  8:13  Probe x2  
  95  8:25  Probe  
  96  8:42  Probe x2  
  96  8:48  Stalker x3  
  100  8:49  Stalker x2  
  100  8:54  Probe  
  109  8:59  Photon Cannon  
  109  9:03  Pylon  
  109  9:05  Gateway x2  
  109  9:12  Pylon  
  109  9:13  Gateway  
  109  9:16  Probe x2, Photon Cannon  
  111  9:21  Stalker x2  
  111  9:22  Stalker x3  
  121  9:30  Protoss Ground Weapons Level 3  
  121  9:45  Probe  
  121  9:46  Probe x2  
  121  9:48  Stalker x3  
  121  9:49  Stalker x2  
  134  9:54  Charge (Chrono Boost)  
  134  10:02  Dark Shrine  
  134  10:05  Pylon  
  134  10:12  Gateway  
  134  10:20  Stalker  
  134  10:21  Gateway, Stalker x4  
  138  10:22  Stalker x2  
  117  10:57  Stalker x2  
  117  10:58  Stalker x6  
  117  10:59  Probe x2  
  117  11:00  Probe  
  136  11:29  Dark Templar x4  
  136  11:32  Nexus  
  144  11:34  Dark Templar  
  144  11:35  Assimilator, Dark Templar  
  144  11:39  Assimilator  
  148  11:42  Pylon  
  148  11:44  Pylon  
  148  11:47  Pylon  
  148  11:50  Pylon  
  148  11:53  Pylon, Protoss Ground Armor Level 1  
  148  12:01  Pylon  
  148  12:02  Photon Cannon  
  148  12:08  Pylon  
  148  12:38  Dark Templar x3  
  148  12:39  Dark Templar x6  
  166  13:07  Nexus  
  166  13:11  Assimilator  
  166  13:14  Assimilator  
  166  13:18  Pylon  
  166  13:21  Pylon  
  166  13:33  Photon Cannon  
  166  13:35  Photon Cannon  
  166  13:37  Photon Cannon  
  166  13:41  Photon Cannon  
  166  13:44  Gateway  
  166  13:46  Gateway  
  166  13:47  Stalker x4  
  174  13:48  Stalker x2  
  174  13:49  Stalker x2  
  182  13:57  Photon Cannon  
  182  13:58  Gateway  
  144  15:35  Stalker x4  
  148  15:36  Stalker x5  
  158  15:56  Dark Templar  
  158  15:57  Dark Templar x2  
  162  16:01  Dark Templar x6  
  162  16:02  Dark Templar x3  
  182  16:05  Archon x2  
  182  16:06  Archon x4  
  156  17:34  Photon Cannon  
  156  17:36  Photon Cannon  
  152  17:39  Robotics Facility  
  152  17:40  Robotics Facility  
  152  17:41  Robotics Facility  
  141  17:48  Stalker x2  
  141  17:49  Stalker x6  
  141  17:50  Stalker x4  
  112  18:07  Zealot x6  
  112  18:08  Zealot x6  
Tags
 
Composition
Lurkers
League
Silver
Matchup
PvZ
Opening
Pool First
Replay Pack
All Mines
Spawn Locations
Cross Positions
Add a new tag
Caveats
  • Supply blocks, unpowered buildings, or Contaminate may cause inaccurate times.
  • Supply counts are checked every 10 seconds.